 Dungeon Crawl Stone Soup version 0.32-a0-931-g5a2cda0630 (webtiles) character file.

Game seed: 1955031287202303094

2 hikkokomori the Firebug (level 1, 0/14 HPs)
             Began as a Mountain Dwarf Wanderer on Apr 13, 2024.
             Slain by an orc
             ... wielding a +0 short sword
              (2 damage)
             ... on level 2 of the Dungeon.
             The game lasted 00:01:15 (67 turns).

hikkokomori the Firebug (Mountain Dwarf Wanderer)     Turns: 67, Time: 00:01:16

Health: 0/14       AC:  3    Str: 15    XL:     1   Next: 25%
Magic:  0/2        EV:  9    Int: 14    God:
Gold:   0          SH:  3    Dex:  6    Spells: 1/2 levels left

rFire   . . .        a - +0 club
rCold   . . .        d - +0 buckler
rNeg    . . .        c - +0 leather armour
rPois   .            (no helmet)
rElec   .            (no cloak)
rCorr   .            (no gloves)
SInv    .            (no boots)
Will    .....        (no amulet)
Stlth   +            (no ring)
HPRegen 0.22/turn    (no ring)
MPRegen 0.08/turn

%: no passive effects
@: no status effects
A: runic magic, artefact enchanting
a: no special abilities


You were on level 2 of the Dungeon.
You visited 1 branch of the dungeon, and saw 2 of its levels.

Inventory:

Hand Weapons
 a - a +0 club (weapon)
Armour
 c - a +0 leather armour (worn)
 d - a +0 buckler (worn)
Scrolls
 b - a scroll of blinking
 e - a scroll of amnesia {unknown}


   Skills:
 + Level 0.1 Fighting
 - Level 1.0 Dodging
 + Level 2.2 Shields
 + Level 1.0 Spellcasting
 + Level 4.8 Fire Magic
 + Level 1.6 Alchemy


You had one spell level left.
You knew the following spells:

 Your Spells              Type           Power      Damage    Failure   Level
a - Foxfire               Conj/Fire      28%        2x1d5     14%         1

Your spell library contained the following spells:

 Spells                   Type           Power      Damage    Failure   Level
 Sting                    Conj/Alch      8%         1d3       26%         1
 Mephitic Cloud           Conj/Alch/Air  2%         N/A       65%         3
 Sticky Flame             Fire/Alch      9%         2d5       67%         4
 Flame Wave               Conj/Fire      7%         2d5       80%         4


Dungeon Overview and Level Annotations

Branches:
Dungeon (1/15)

Altars:


Innate Abilities, Weirdness & Mutations

Your spellcasting is much less encumbered by armour.
You can use scrolls of enchantment on lesser artefacts.


Message History

You are too injured to fight recklessly!
You are too injured to fight recklessly!
You are too injured to fight recklessly!
You are too injured to fight recklessly!
You are too injured to fight recklessly!
The orc attacks as it pursues you! The orc barely misses you.
There is a large open door here.
Casting: Foxfire (safe; 14% risk of failure)
Confirm with . or Enter, or press ? or * to list all spells.
You conjure some foxfire!
The orc hits you with a +0 mace.
The foxfire hits the orc.
The orc is heavily wounded.
Casting: Foxfire (safe; 14% risk of failure)
Confirm with . or Enter, or press ? or * to list all spells.
You conjure some foxfire!
The foxfire hits the orc but does no damage.
The orc is heavily wounded.
Casting: Foxfire (safe; 14% risk of failure)
Confirm with . or Enter, or press ? or * to list all spells.
You don't have enough magic to cast this spell.
You barely miss the orc.
The orc is heavily wounded.
The foxfire hits the orc.
You kill the orc!
The foxfire hits the orc.
The orc is heavily wounded.
The orc hits you with a +0 short sword.
* * * LOW HITPOINT WARNING * * *
You closely miss the orc.
The orc is heavily wounded.
The orc completely misses you.
You barely miss the orc.
The orc is heavily wounded.
You block the orc's attack.
You barely miss the orc.
The orc is heavily wounded.
The orc hits you with a +0 short sword.
* * * LOW HITPOINT WARNING * * *
The orc hits you with a +0 short sword.
You die...

###### ... ##....## .
#.. #.ß..ß.# # .#..
......# .. ... #....#
#..##.#### ###.##.#
#...#...###.##o'##.#
#..###.'§#...@..#
######...###.##++##.#
......#### ### #
#####..## #.....##
###......##
....#.....##
....#......#
.##########..


You could see an orc.

Vanquished Creatures
  An orc (D:2)
1 creature vanquished.

Vanquished Creatures (others)
  4 foxfires (D:2)
4 creatures vanquished.

Grand Total: 5 creatures vanquished

Notes
Turn   | Place    | Note
-------+----------+-------------------------------------------
     0 | D:1      | hikkokomori the Mountain Dwarf Wanderer began the quest for
                  | the Orb.
     0 | D:1      | hikkokomori set off with the following items: a +0 club, a
                  | scroll of blinking, a +0 leather armour, a +0 buckler; and
                  | the following spells available to memorise: Foxfire, Sting,
                  | Mephitic Cloud, Sticky Flame, Flame Wave.
     0 | D:1      | Reached XP level 1. HP: 14/14 MP: 2/2
     2 | D:1      | Learned a level 1 spell: Foxfire
    28 | D:1      | You fall into a shaft and drop 1 floor!
    67 | D:2      | Slain by an orc

Illustrated notes

Levels and vault maps discovered:
D:1:      lemuel_arrival_funnel, layout_basic, chequers_ecumenical_altar_simple,
          minmay_octomino_c4
D:2:      layout_rooms, corexii_corridor_pit, wad_orctagon

Action                     || total
---------------------------++-------
  Melee: Club              ||     7
   Cast: Foxfire           ||     2
 Armour: Leather armour    ||     7
  Dodge: Dodged            ||     6
  Block: Buckler           ||     1

Table legend: (Time is in decaauts)
 A = Elapsed time spent in this place.
 B = Non-inter-level travel time spent in this place.
 C = Inter-level travel time spent in this place.
 D = Time resting spent in this place.
 E = Time spent auto-exploring this place.
 F = Levels seen in this place.
 G = Mean time per level.
                   A        B        C        D        E       F      G
               +--------+--------+--------+--------+--------+-----+--------+
         Total |     68 |     68 |      0 |      0 |     49 |   2 |   34.0 |
       Dungeon |     68 |     68 |      0 |      0 |     49 |   2 |   34.0 |
               +--------+--------+--------+--------+--------+-----+--------+

Top non-repeatable levels by time:
     D:2: 40 daAuts
     D:1: 28 daAuts
